 Dungeon Crawl Stone Soup version 0.29-a0-187-ga23d9638d5 (webtiles) character file.

Game seed: 5604884750900471064

291 dr0g0th the Cudgeller (level 6, -2/39 HPs)
             Began as a Gargoyle Fighter on Feb 21, 2022.
             Slain by Crazy Yiuf (4 damage)
             ... on level 3 of the Dungeon.
             The game lasted 00:03:39 (2641 turns).

dr0g0th the Cudgeller (Gargoyle Fighter)            Turns: 2641, Time: 00:03:40

Health: -2/39      AC: 13    Str: 21    XL:     6   Next: 32%
Magic:  2/6        EV:  7    Int:  9    God:
Gold:   92         SH:  4    Dex:  9    Spells: 5/5 levels left

rFire   . . .      SeeInvis .   a - +0 flail
rCold   . . .      Faith    .   c - +0 buckler
rNeg    + . .      Spirit   .   i - +0 chain mail
rPois   ∞          Reflect  .   (no helmet)
rElec   +          Harm     .   (no cloak)
rCorr   .          Rampage  .   (no gloves)
Will    .....                   (no boots)
Stlth   ..........              (no amulet)
HPRegen 0.13/turn               (no ring)
MPRegen 0.10/turn               (no ring)

@: no status effects
A: sickness immunity, AC +4, negative energy resistance 1, electricity
resistance, torment resistance 1, petrification resistance
a: no special abilities


You were on level 3 of the Dungeon.
You visited 1 branch of the dungeon, and saw 3 of its levels.

You collected 92 gold pieces.

Inventory:

Hand Weapons
 a - a +0 flail (weapon)
Armour
 c - a +0 buckler (worn)
 i - a +0 chain mail (worn)
Jewellery
 p - a ring of see invisible
 q - a ring of willpower
Scrolls
 f - 2 scrolls of identify {unknown}
 g - a scroll of amnesia {unknown}
 h - a scroll of immolation {unknown}
 j - 3 scrolls of teleportation {unknown}
 n - a scroll of magic mapping {unknown}
 o - a scroll of blinking {unknown}
 r - a scroll of vulnerability {unknown}
Potions
 b - a potion of mutation {unknown}
 d - 2 potions of might
 e - 3 potions of curing {unknown}
 k - a potion of haste {unknown}
 l - 2 potions of heal wounds {unknown}
 m - 2 potions of brilliance {unknown}


   Skills:
 + Level 4.3 Fighting
 + Level 4.4 Maces & Flails
 + Level 4.2 Armour
 + Level 1.0 Dodging
 + Level 4.2 Shields


You had 5 spell levels left.
You didn't know any spells.
Your spell library contained the following spells:

 Spells                   Type           Power      Damage    Failure   Level
 Summon Small Mammal      Summ           0%         N/A       99%         1
 Call Canine Familiar     Summ           0%         N/A       100%        3
 Summon Guardian Golem    Hex/Summ       0%         N/A       100%        3


Dungeon Overview and Level Annotations

Branches:
Dungeon (3/15)

Altars:

Annotations:
D:3 Crazy Yiuf


Innate Abilities, Weirdness & Mutations

You are immune to sickness and miasma.
Your stone body is resilient. (AC +4)
You are immune to poison.
You resist negative energy. (rN+)
You are resistant to electric shocks. (rElec)
You are resistant to unholy torment.
You are immune to petrification.


Message History

Things that are here:
a +0 dagger; a +0 shortbow You open the door.
There is an open door here.
You open the door.
There is an open door here.
There is an open door here.
There is an open door here.
Crazy Yiuf shouts!
Crazy Yiuf says, "Crazy?
Crazy!?
PORCUPINE!"
Crazy Yiuf yells, "Island!"
Could not explore, unopened runed door.
No reachable target in view!
You open the door. You thump Crazy Yiuf!
Crazy Yiuf is heavily wounded.
Crazy Yiuf hits you with a +3 quarterstaff of chaos!
You feel your power leaking away.
You barely miss Crazy Yiuf.
Crazy Yiuf is heavily wounded.
Crazy Yiuf hits you with a +3 quarterstaff of chaos!
Crazy Yiuf freezes you. Crazy Yiuf closely misses you.
You are too injured to fight recklessly!
You are too injured to fight recklessly!
You are too injured to fight recklessly!
You closely miss Crazy Yiuf.
Crazy Yiuf is heavily wounded.
Crazy Yiuf says, "Gnoll song pizzabubble!"
Crazy Yiuf hits you with a +3 quarterstaff of chaos.
Crazy Yiuf burns you.
You hit Crazy Yiuf.
Crazy Yiuf is severely wounded.
Crazy Yiuf hits you with a +3 quarterstaff of chaos.
Crazy Yiuf burns you.
You barely miss Crazy Yiuf.
Crazy Yiuf is severely wounded.
Crazy Yiuf hits you with a +3 quarterstaff of chaos!
* * * LOW HITPOINT WARNING * * *
Space warps around you.
You die...

.............'.......)..........#
#.#####....###.........####....##
#.# ####...# ##........##........
#.# #...#### ###########.....###
#.# #.### #.#.### # #.# #.# #.#.#
# #.###.####♣♣ ### ##.#.#####
#..........♣♣ ♣♣#..)# #......)..
#####......P♣♣♣♣@g...# ##.#######
#.....PP.♣..♣#...# #.#
###.....♣.♣♣♣ ### ##.# ####♣♣♣♣♣
#..# ####


You could see Crazy Yiuf.

Vanquished Creatures
  A black bear (D:3)
  A centaur (D:3)
  A hound (D:3)
  A scorpion zombie (D:3)
  2 adders (D:2)
  An orc (D:3)
  7 ball pythons
  5 endoplasms
  4 giant cockroaches
  6 goblins
  5 hobgoblins
  5 kobolds
  5 bats
  4 frilled lizards
  5 rats
53 creatures vanquished.

Notes
Turn   | Place    | Note
-------+----------+-------------------------------------------
     0 | D:1      | dr0g0th the Gargoyle Fighter began the quest for the Orb.
     0 | D:1      | Reached XP level 1. HP: 14/14 MP: 1/1
   250 | D:1      | Found a faded altar of an unknown god.
   314 | D:1      | Reached XP level 2. HP: 19/19 MP: 2/2
   941 | D:2      | Reached XP level 3. HP: 16/23 MP: 3/3
  1488 | D:2      | Reached XP level 4. HP: 25/29 MP: 4/4
  1846 | D:3      | Noticed a centaur
  1860 | D:3      | Killed a centaur
  1861 | D:3      | Reached XP level 5. HP: 24/33 MP: 5/5
  1969 | D:3      | Found a runed translucent door.
  1970 | D:3      | Noticed Crazy Yiuf
  2283 | D:3      | Noticed a black bear
  2288 | D:3      | Killed a black bear
  2289 | D:3      | Reached skill level 1 in Dodging
  2289 | D:3      | Reached XP level 6. HP: 38/39 MP: 6/6
  2641 | D:3      | Slain by Crazy Yiuf

Illustrated notes

Levels and vault maps discovered:
D:1:      minmay_arrival_cross, layout_basic,
          hellmonk_ecumenical_altar_pennies_from_heaven
D:2:      layout_rooms, minmay_box_of_dots
D:3:      layout_loops_corners, uniq_crazy_yiuf_cottage

Skill      XL: |  1  2  3  4  5 |
---------------+----------------+-----
Maces & Flails | 3 4 |  4.4
Fighting       | 4 |  4.3
Armour         | 4 |  4.2
Shields        | 4 |  4.2
Dodging        | 1 |  1.0

Action                   |  1- 3 |  4- 6 || total
-------------------------+-------+-------++-------
Melee: Flail             |   120 |    67 ||   187
Armor: Scale mail        |    17 |       ||    17
       Chain mail        |    65 |    54 ||   119
Dodge: Dodged            |    50 |    33 ||    83
Block: Buckler           |    32 |    24 ||    56

Table legend: (Time is in decaauts)
 A = Elapsed time spent in this place.
 B = Non-inter-level travel time spent in this place.
 C = Inter-level travel time spent in this place.
 D = Time resting spent in this place.
 E = Time spent auto-exploring this place.
 F = Levels seen in this place.
 G = Mean time per level.
                   A        B        C        D        E       F      G
               +--------+--------+--------+--------+--------+-----+--------+
         Total |   2701 |   2653 |     48 |     87 |   2123 |   3 |  900.3 |
       Dungeon |   2701 |   2653 |     48 |     87 |   2123 |   3 |  900.3 |
               +--------+--------+--------+--------+--------+-----+--------+

Top non-repeatable levels by time:
     D:3: 1076 daAuts
     D:1: 943 daAuts
     D:2: 681 daAuts
